 Dungeon Crawl Stone Soup version 0.28.0-45-g0d030f2227 (webtiles) character file.

Game seed: 7690465759731342835

5 NinjaNoafa the Ducker (level 1, 0/18 HPs)
             Began as a Djinni Gladiator on Apr 16, 2022.
             Slain by a kobold
             ... wielding a +0 dagger
              (2 damage)
             ... on level 1 of the Dungeon.
             The game lasted 00:01:12 (170 turns).

NinjaNoafa the Ducker (Djinni Gladiator)             Turns: 170, Time: 00:01:13

Health: 0/18       AC:  4    Str: 13    XL:     1   Next: 88%
Gold:   0          EV: 12    Int:  9    God:
                   SH:  0    Dex: 14

rFire   + + .      SeeInvis .   a - +0 long sword
rCold   x . .      Faith    .   (no shield)
rNeg    . . .      Spirit   .   b - +0 leather armour
rPois   ∞          Reflect  .   c - +0 helmet
rElec   .          Harm     .   (no cloak)
rCorr   .          Rampage  .   (no gloves)
Will    .....                   (boots unavailable)
Stlth   +.........              (no amulet)
HPRegen 0.06/turn               (no ring)
MPRegen 0.00/turn               (no ring)

@: flying
A: sickness immunity, fire resistance 2, cold vulnerability 1, float, innate
caster, HP casting, extra vitality 1
a: no special abilities


You were on level 1 of the Dungeon.
You visited 1 branch of the dungeon, and saw 1 of its levels.

Inventory:

Hand Weapons
 a - a +0 long sword (weapon)
Missiles
 d - 3 throwing nets (quivered)
 e - 18 stones
Armour
 b - a +0 leather armour (worn)
 c - a +0 helmet (worn)


   Skills:
 + Level 2.1 Fighting
 + Level 2.8 Long Blades
 + Level 1.7 Throwing
 + Level 3.4 Dodging


You couldn't memorise any spells.
You didn't know any spells.
Your spell library was empty.

Dungeon Overview and Level Annotations

Branches:
Dungeon (1/15)

Altars:

Shops:
D:1 =


Innate Abilities, Weirdness & Mutations

You are immune to sickness and miasma.
You are immune to poison.
Your flesh is very heat resistant. (rF++)
You are vulnerable to cold. (rC-)
You float through the air rather than walking.
You learn spells naturally, not from books.
Your magical power is your life essence.
You have superior vitality. (+4 MHP)


Message History

You throw a poisoned dart.
The poisoned dart closely misses the kobold.
The kobold hits you with a +0 club.
* * * LOW HITPOINT WARNING * * *
You closely miss the kobold. The kobold closely misses you.
You aren't carrying any potions.
You aren't carrying any scrolls.
There is an open door here.
Throw: dart (poison)
Press: ? - help, Q - select action, (/) - cycle Shift-Dir - straight line, f/p - kobold
Aim: a kobold, wielding a +0 club (51% to hit)
You throw a poisoned dart.
The poisoned dart barely misses the kobold.
The kobold hits you with a +0 club.
You closely miss the kobold. The kobold barely misses you.
You hit the kobold.
The kobold is moderately wounded.
The kobold barely misses you.
You barely miss the kobold.
The kobold is moderately wounded.
The kobold misses you.
You hit the kobold.
The kobold is moderately wounded.
The kobold hits you with a +0 club. The kobold barely misses you.
You hit the kobold.
You kill the kobold!
You closely miss the kobold. The kobold hits you but does no damage.
The kobold hits you with a +0 dagger.
* * * LOW HITPOINT WARNING * * *
You hit the kobold.
The kobold is heavily wounded.
The kobold hits you with a +0 dagger.
* * * LOW HITPOINT WARNING * * *
You closely miss the kobold.
The kobold is heavily wounded.
The kobold hits you but does no damage.
You closely miss the kobold.
The kobold is heavily wounded.
The kobold hits you with a +0 dagger.
You die...

#.#.##.#.##.#.#.# #.⌠.⌠.
#.#.'.###.#.#.+.# #8.8.8
#g#.#.#<#.#.#g#.###.##(#
#.#.#.#'#.#.##'.........
#.#.##...##...#........#
#K##.#####.##.#........#
##.##.....##.##........#
##.#######.##.........#
##(gK@...##..#.......#
#########..#.....####
...##.##### #### #. #.


You could see a goblin and a kobold.

Vanquished Creatures
  A dart slug (D:1)
  A goblin (D:1)
  A kobold (D:1)
3 creatures vanquished.

Notes
Turn   | Place    | Note
-------+----------+-------------------------------------------
     0 | D:1      | NinjaNoafa the Djinni Gladiator began the quest for the
                  | Orb.
     0 | D:1      | Reached XP level 1. HP: 18/18 MP: 0/0
    56 | D:1      | Found Itil's Jewellery Boutique.
   170 | D:1      | Slain by a kobold

Illustrated notes

Levels and vault maps discovered:
D:1:      evilmike_arrival_rings, layout_basic, serial_shops,
          nicolae_shop_temple_entry_statues_fountains,
          shapermc_ecumenical_altar_notcrosses, dk_noncrumbling_2,
          minmay_cut_off

Action                   || total
-------------------------++-------
Melee: Long sword        ||    15
Throw: Dart              ||     4
Armor: Leather armour    ||     5
Dodge: Dodged            ||    13
